 Dungeon Crawl Stone Soup version 0.32-a0-931-g5a2cda0630 (webtiles) character file.

Game seed: 31829100952706396

31 Aston the Poker (level 3, -1/27 (29) HPs)
             Began as a Mountain Dwarf Reaver on Apr 14, 2024.
             Slain by a ribbon worm (3 damage)
             ... on level 2 of the Dungeon.
             The game lasted 00:02:17 (931 turns).

Aston the Poker (Mountain Dwarf Reaver)              Turns: 931, Time: 00:02:18

HP:   -1/27 (29)    AC:  3    Str: 13 (16) XL:     3   Next: 7%
MP:   1/5           EV: 10    Int: 11 (13) God:
Gold: 95            SH:  0    Dex:  7 (8)  Spells: 2/5 levels left

rFire   . . .        a - +0 spear
rCold   . . .        (no shield)
rNeg    . . .        b - +0 leather armour
rPois   .            (no helmet)
rElec   .            (no cloak)
rCorr   .            (no gloves)
SInv    .            (no boots)
Will    .....        (no amulet)
Stlth   +            (no ring)
HPRegen 0.24/turn    (no ring)
MPRegen 0.09/turn

%: no passive effects
@: brilliant, very slightly contaminated, drained
A: runic magic, artefact enchanting
a: no special abilities


You were on level 2 of the Dungeon.
You visited 1 branch of the dungeon, and saw 2 of its levels.

You collected 95 gold pieces.

Inventory:

Hand Weapons
 a - a +0 spear (weapon)
Armour
 b - a +0 leather armour (worn)
Jewellery
 j - a ring of poison resistance
Scrolls
 d - a scroll of poison {unknown}
 i - a scroll of identify {unknown}
Potions
 f - a potion of ambrosia {unknown}
 g - a potion of degeneration
 h - a potion of heal wounds {unknown}
 k - a potion of enlightenment {unknown}


   Skills:
 - Level 2.1 Fighting
 + Level 4.2 Polearms
 - Level 1.3 Dodging
 - Level 1.7 Spellcasting
 - Level 2.6 Conjurations


You had 2 spell levels left.
You knew the following spells:

 Your Spells              Type           Power      Damage    Failure   Level
a - Kiss of Death         Conj/Necr      20%        2d7       19%         1
b - Momentum Strike       Conj/Tloc      10%        3d8       26%         2

Your spell library contained the following spells:

 Spells                   Type           Power      Damage    Failure   Level
 Hailstorm                Conj/Ice       5%         3d5       47%         3


Dungeon Overview and Level Annotations

Branches:
Dungeon (2/15)

Altars:


Innate Abilities, Weirdness & Mutations

Your spellcasting is much less encumbered by armour.
You can use scrolls of enchantment on lesser artefacts.


Message History

You miss the adder.
The adder is almost dead.
The adder bites you but does no damage.
You closely miss the adder.
The adder is almost dead.
The adder bites you.
You are poisoned.
The adder poisons you!
You closely miss the adder.
The adder is almost dead.
You feel sick. The adder bites you but does no damage.
You hit the adder but do no damage.
The adder is almost dead.
You feel sick. The adder bites you.
You closely miss the adder.
The adder is almost dead.
You feel sick. The adder bites you.
You hit the adder.
You kill the adder!
You feel sick.
You are no longer poisoned.
Your magical contamination has completely faded away.
You have reached level 3!
Your experience leads to an increase in your attributes!
Increase (S)trength, (I)ntelligence, or (D)exterity?
You feel stronger. x2
Casting: Kiss of Death (safe; 16% risk of failure)
Confirm with . or Enter, or press ? or * to list all spells.
Aiming: Kiss of Death (safe; 16% risk of failure)
Press: ? - help, Shift-Dir - straight line, f - ribbon worm
Aim: a ribbon worm (100% to hit)
You feel a surge of power!
You miscast Kiss of Death.
You are very lightly contaminated with residual magic.
Nothing appears to happen.
The ribbon worm bites you!
* * * LOW HITPOINT WARNING * * *
It was a potion of degeneration.
There was something very wrong with that liquid.
You feel weakened.
You feel dopey.
You feel clumsy. The ribbon worm bites you.
You die...

######## #......###
#........# #........# ####
..#........# .... ......
..#........#. ..# #.....
..#[.<.....#.. ..#.
#.....##.#.#....##....##.#.
#......#.#@#....# ....
#......#.#w#....# #.##
###...#.#.#.#....##...###..)
............................
#........................w
#####.....####......######
.........# .....# #####....#
.....# ....... ......


You could see a ribbon worm.

Vanquished Creatures
  An adder (D:2)
  2 endoplasms (D:1)
  A giant cockroach (D:2)
  4 goblins
  3 hobgoblins (D:1)
  A quokka (D:2)
  3 ball pythons
  A bat (D:2)
  2 frilled lizards (D:1)
  2 kobolds
  A rat (D:1)
21 creatures vanquished.

Notes
Turn   | Place    | Note
-------+----------+-------------------------------------------
     0 | D:1      | Aston the Mountain Dwarf Reaver began the quest for the
                  | Orb.
     0 | D:1      | Reached XP level 1. HP: 17/17 MP: 3/3
   347 | D:1      | Reached XP level 2. HP: 24/24 MP: 4/4
   610 | D:2      | Learned a level 2 spell: Momentum Strike
   831 | D:2      | Reached skill level 4 in Polearms
   930 | D:2      | Reached XP level 3. HP: 10/27 MP: 2/5
   931 | D:2      | Slain by a ribbon worm

Illustrated notes

Levels and vault maps discovered:
D:1:      psy_arrival_spokes, layout_basic
D:2:      layout_basic

Skill      XL: |  1  2 |
---------------+-------+-----
Polearms       | 4 |  4.2
Fighting       | |  2.1
Dodging        | |  1.3
Spellcasting   | |  1.7
Conjurations   | |  2.6

Action                     || total
---------------------------++-------
  Melee: Spear             ||   106
   Cast: Kiss of Death     ||     1
    Use: Potion            ||     3
 Armour: Leather armour    ||    63
  Dodge: Dodged            ||    55

Table legend: (Time is in decaauts)
 A = Elapsed time spent in this place.
 B = Non-inter-level travel time spent in this place.
 C = Inter-level travel time spent in this place.
 D = Time resting spent in this place.
 E = Time spent auto-exploring this place.
 F = Levels seen in this place.
 G = Mean time per level.
                   A        B        C        D        E       F      G
               +--------+--------+--------+--------+--------+-----+--------+
         Total |    925 |    876 |     49 |    188 |    447 |   2 |  462.5 |
       Dungeon |    925 |    876 |     49 |    188 |    447 |   2 |  462.5 |
               +--------+--------+--------+--------+--------+-----+--------+

Top non-repeatable levels by time:
     D:1: 750 daAuts
     D:2: 174 daAuts
